 Dungeon Crawl Stone Soup version 0.31-a0-217-g58bb5d79cf (webtiles) character file.

Game seed: 9831517752356688410

393 qw the Shooter (level 6, 0/38 HPs)
             Began as a Gargoyle Hexslinger on July 2, 2023.
             Slain by a goblin
             ... wielding a +0 club
             ... led by Robin
              (1 damage)
             ... on level 4 of the Dungeon.
             The game lasted 00:00:52 (2254 turns).

qw the Shooter (Gargoyle Hexslinger)                Turns: 2254, Time: 00:00:52

Health: 0/38       AC: 13    Str: 11    XL:     6   Next: 81%
Magic:  4/7        EV: 15    Int: 14    God:
Gold:   63         SH:  0    Dex: 14    Spells: 6/7 levels left

rFire   . . .        Y - +4 arbalest (freeze)
rCold   . . .        (shield currently unavailable)
rNeg    + . .        d - +0 ring mail
rPois   inf          g - +2 helmet
rElec   +            (no cloak)
rCorr   .            (no gloves)
SInv    .            f - +0 pair of boots {rampage}
Will    .....        (no amulet)
Stlth   +            e - +5 ring of evasion
HPRegen 0.26/turn    (no ring)
MPRegen 0.10/turn

%: rampage
@: about to teleport, weakened
A: sickness immunity, AC +4, negative energy resistance 1, electricity
resistance, torment resistance 1, petrification resistance
a: no special abilities


You were on level 4 of the Dungeon.
You visited 1 branch of the dungeon, and saw 4 of its levels.

You collected 795 gold pieces.
You spent 732 gold pieces at shops.


Innate Abilities, Weirdness & Mutations

You are immune to sickness and miasma.
Your stone body is resilient. (AC +4)
You are immune to poison.
You resist negative energy. (rN+)
You are resistant to electric shocks. (rElec)
You are resistant to unholy torment.
You are immune to petrification.


   Skills:
 + Level 3.7 Fighting
 - Level 6.0 Ranged Weapons
 - Level 1.0 Armour
 - Level 1.5 Dodging
 - Level 1.0 Spellcasting
 - Level 2.6 Hexes


You had 6 spell levels left.
You knew the following spells:

 Your Spells              Type           Power      Damage    Failure   Level
a - Slow                  Hex            32%        N/A       21%         1

Your spell library contained the following spells:

 Spells                   Type           Power      Damage    Failure   Level
 Inner Flame              Hex/Fire       4%         N/A       71%         3
 Portal Projectile        Hex/Tloc       8%         N/A       71%         3
 Cause Fear               Hex            4%         N/A       90%         4

Inventory:

Hand Weapons
 Y - a +4 arbalest of freezing (weapon)
Armour
 d - a +0 ring mail (worn)
 f - a +0 pair of boots of rampaging (worn)
 g - a +2 helmet (worn)
 i - a +3 leather armour
Jewellery
 e - a +5 ring of evasion (left hand)
Scrolls
 a - 3 scrolls of identify
 k - a scroll of fog {unknown}
Potions
 b - a potion of haste
 c - a potion of enlightenment {unknown}
 j - a potion of resistance
 l - a potion of heal wounds {unknown}

Dungeon Overview and Level Annotations

Branches:
Dungeon (4/15)
 Temple: D:4-7

Altars:
Nemelex Xobeh

Shops:
D:2 ([   D:3 ?


Message History

The goblin misses you.
The goblin hits you with a +2 dagger of protection.
The goblin closely misses you.
The goblin hits you with a +2 antimagic dagger.
You feel your power leaking away. The gnoll barely misses you.
You shoot a bolt. The bolt barely misses Robin.
The bolt barely misses the goblin.
The hobgoblin hits you.
The goblin hits you with a +2 dagger of protection.
The goblin misses you. The kobold closely misses you.
The goblin hits you but does no damage.
The gnoll hits you from afar with a +0 spear.
The goblin hits you but does no damage.
A gnoll comes into view. It is wielding a +3 whip.
Robin hits you but does no damage.
2253 ||| READING scroll of teleportation.
As you read the scroll of teleportation, it crumbles to dust.
You feel strangely unstable.
The gnoll hits you from afar with a +0 spear.
The gnoll barely misses you.
The hobgoblin hits you but does no damage.
The kobold hits you but does no damage.
The gnoll bouda gazes fiercely through you!
You feel your attacks grow feeble. Robin hits you but does no damage.
The goblin hits you with a +2 dagger of protection.
The goblin closely misses you. The goblin barely misses you.
You shoot a bolt. The bolt hits Robin!
The bolt freezes Robin.
You kill Robin!
The goblin no longer looks unusually strong. x3
The goblin completely misses you. The hobgoblin hits you.
The gnoll hits you but does no damage. The goblin misses you.
The goblin hits you but does no damage. The kobold closely misses you.
The goblin misses you.
The gnoll hits you from afar with a +0 spear.
The gnoll bouda barks out a call to the hunt!
The gnolls pick up the pace!
The gnoll misses you. The goblin hits you with a +0 club.
You die...

................)
........................
........................
.......................)
.................)......
.................<...)..
.................)......
.....gggg...............
....gw)@g......).)......
..g.SgKgg...............
.....ggg................
)....g..................
........................
........................
........................
........................
...........[...........


You could see a gnoll bouda, a worm, 4 gnolls, 2 hobgoblins, 7 goblins, a ball
python and a kobold.

Vanquished Creatures
  2 ogres (D:4)
  A scorpion (D:4)
  An orc priest (D:3)
  An orc wizard (D:4)
  Robin (D:4)
  3 adders
  A gnoll (D:4)
  A worm (D:3)
  7 orcs
  5 ball pythons
  6 endoplasms
  2 giant cockroaches
  7 goblins
  4 hobgoblins
  4 jackals
  5 kobolds
  A quokka (D:1)
  10 bats
  4 frilled lizards
  8 rats
74 creatures vanquished.

Notes
Turn   | Place    | Note
-------+----------+-------------------------------------------
     0 | D:1      | qw the Gargoyle Hexslinger began the quest for the Orb.
     0 | D:1      | Reached XP level 1. HP: 12/12 MP: 2/2
     0 | D:1      | 0 ||| qw: Version: 0.3-a-40-ge99b1a8
     0 | D:1      | 0 ||| qw: Game counter: 99
     0 | D:1      | 0 ||| qw: Melee chars always use a shield: true
     0 | D:1      | 0 ||| qw: God list: Okawaru
     0 | D:1      | 0 ||| qw: Allow faded altars: false
     0 | D:1      | 0 ||| qw: Do Orc after clearing Dungeon:15 true
     0 | D:1      | 0 ||| qw: Do second Lair branch before Depths: true
     0 | D:1      | 0 ||| qw: Lair rune preference: random
     0 | D:1      | 0 ||| qw: Goals: Normal
     0 | D:1      | 0 ||| PLANNING D:1-11
    98 | D:1      | Reached XP level 2. HP: 16/16 MP: 3/3
   188 | D:1      | Reached skill level 3 in Ranged Weapons
   606 | D:1      | 606 ||| UPGRADING to +0 ring mail.
   616 | D:1      | 616 ||| DROPPING +0 robe.
   617 | D:1      | 617 ||| READING 3 scrolls labelled XAEMOD LUAGEARA.
   618 | D:1      | 618 ||| READING scroll labelled BEN ZIXUGH.
   618 | D:1      | Identified a scroll of acquirement
   618 | D:1      | 618 ||| ACQUIRING 726 gold pieces
   618 | D:1      | Acquired 726 gold pieces
   620 | D:1      | 620 ||| READING scroll labelled TUGICI NEOCIF.
   623 | D:1      | 623 ||| READING scroll labelled TIRINE SUMOGG.
   624 | D:1      | 624 ||| DROPPING scroll of poison.
   643 | D:2      | 643 ||| STAIRDANCE
   656 | D:1      | Reached XP level 3. HP: 16/22 MP: 4/4
   686 | D:2      | 686 ||| STAIRDANCE
   784 | D:2      | Found Ynokk's Antique Weapon Shoppe.
   791 | D:2      | 791 ||| BUYING glowing arbalest (180 gold).
   791 | D:2      | Bought a glowing arbalest for 180 gold pieces
   791 | D:2      | 791 ||| SWAPPING to +4 arbalest of freezing.
   792 | D:2      | 792 ||| DROPPING +1 sling.
   822 | D:2      | Found Fisti's Jewellery Emporium.
   894 | D:2      | Found Luanwuics's Antique Armour Boutique.
   945 | D:2      | Found a sparkling altar of Nemelex Xobeh.
  1154 | D:2      | 1154 ||| BUYING pair of runed boots (180 gold).
  1154 | D:2      | Bought a pair of runed boots for 180 gold pieces
  1154 | D:2      | 1154 ||| BUYING runed helmet (180 gold).
  1154 | D:2      | Bought a runed helmet for 180 gold pieces
  1154 | D:2      | 1154 ||| BUYING runed scarf (192 gold).
  1154 | D:2      | Bought a runed scarf for 192 gold pieces
  1154 | D:2      | 1154 ||| SHOPLISTING twisted ring mail (216 gold, have 16).
  1256 | D:2      | 1256 ||| UPGRADING to +0 pair of boots of rampaging.
  1261 | D:2      | 1261 ||| UPGRADING to +2 helmet.
  1266 | D:2      | 1266 ||| DROPPING scarf of invisibility.
  1267 | D:2      | 1267 ||| UPGRADING to +5 ring of evasion.
  1268 | D:2      | 1268 ||| READING scroll labelled URUOTY QUPOPP.
  1397 | D:3      | Found Vigi Bunn's Magic Scroll Shop.
  1403 | D:3      | Reached XP level 4. HP: 27/27 MP: 5/5
  1409 | D:3      | Reached skill level 1 in Armour
  1411 | D:3      | 1411 ||| SHOPLISTING scroll of identify (20 gold, have 16).
  1411 | D:3      | 1411 ||| SHOPLISTING scroll of teleportation (30 gold, have
                  | 16).
  1422 | D:3      | Reached skill level 4 in Ranged Weapons
  2126 | D:3      | 2126 ||| READING scroll labelled ETHRIG POURCHALL.
  2127 | D:3      | 2127 ||| DRINKING 2 clear potions.
  2128 | D:3      | 2128 ||| DRINKING 2 coppery potions.
  2129 | D:3      | 2129 ||| READING 4 scrolls of identify.
  2129 | D:3      | 2129 ||| IDENTIFYING metallic red potion
  2130 | D:3      | 2130 ||| DROPPING potion of brilliance.
  2152 | D:4      | Noticed an ogre
  2154 | D:4      | Noticed a scorpion
  2156 | D:4      | Reached XP level 5. HP: 31/31 MP: 6/6
  2158 | D:4      | Killed an ogre
  2159 | D:4      | Reached skill level 5 in Ranged Weapons
  2160 | D:4      | Reached skill level 3 in Fighting
  2160 | D:4      | Reached XP level 6. HP: 37/37 MP: 7/7
  2176 | D:4      | Reached skill level 6 in Ranged Weapons
  2245 | D:4      | Noticed Robin
  2252 | D:4      | HP: 9/38 [gnoll/+0 spear[a gnoll bouda] (2)]
  2253 | D:4      | 2253 ||| READING scroll of teleportation.
  2254 | D:4      | Killed Robin
  2254 | D:4      | HP: 1/38 [gnoll/+0 spear[a gnoll bouda] (4)]
  2254 | D:4      | Slain by a goblin

Levels and vault maps discovered:
D:1:      nzn_arrival_settlement, layout_basic
D:2:      layout_loops_ring, basic_altar, serial_shops, nicolae_shop_tiny_glass,
          nicolae_shop_scrapyard, shop, fountainhead
D:3:      layout_basic, serial_shops, shop
D:4:      kennysheep_big_flooded_room, layout_layer_cave,
          minmay_temple_entry_proselytizer, minmay_misc_feat_hallway,
          chequers_garden, uniq_robin

Skill      XL: |  1  2  3  4  5  6 |
---------------+-------------------+-----
Ranged Weapons | 3 4 5 6 |  6.0
Fighting       | 2 3 |  3.7
Armour         | 1 |  1.0
Dodging        | |  1.5
Spellcasting   | |  1.0
Hexes          | |  2.6

Action                     |  1- 3 |  4- 6 || total
---------------------------+-------+-------++-------
   Fire: Sling             |    88 |       ||    88
         Arbalest          |    28 |    51 ||    79
    Use: Scroll            |     5 |     3 ||     8
         Potion            |       |     2 ||     2
 Armour: Robe              |    10 |       ||    10
         Ring mail         |    34 |    13 ||    47
  Dodge: Dodged            |    50 |    23 ||    73

Table legend:
 A = Non-vault XP
 B = Vault XP
 C = Vault XP percentage of total XP
 D = Non-vault monster count
 E = Vault monster count
 F = Vault count percentage of total count
                 A         B        C        D         E       F
            +---------+---------+-------+---------+---------+-------
      Total |     556 |      21 |   3.6 |      70 |       4 |   5.4
            +---------+---------+-------+---------+---------+-------
        D:1 |      47 |       0 |   0.0 |      20 |       0 |   0.0
        D:2 |      34 |       0 |   0.0 |      20 |       0 |   0.0
        D:3 |      81 |       0 |   0.0 |      16 |       0 |   0.0
        D:4 |     394 |      21 |   5.1 |      14 |       4 |  22.2
            +---------+---------+-------+---------+---------+-------
